AoeStats
← Guest

Arena

508103226Analyzed
2v2 RM · 12d ago on Sep 20, 2026· 53m 38s· 4 players
Game mode
Random Map
Map size
Medium (4 player)
Population
200
Speed
Normal
Resources
Standard
Victory
Conquest
Starting age
Dark Age
Ending age
Imperial Age
RankedLock teamsTeams togetherTeam positionsShared explorationLock speedFull tech treeHidden civsTurbo modeCheats
Victory
Defeat
🇲🇽 Poles · Mexico
1300
+19
🇲🇽 Hindustanis · Mexico
1300
+19
🇹🇷 Vietnamese · Türkiye
1380
-20
🇨🇱 Teutons · Chile
1337
-18
No se jugar
9:00 Feudal Age
8:34 Loom
10:11 Double-Bit Axe
14:49 Fletching
22:31 Castle Age
21:41 Horse Collar
21:48 Town Watch
22:16 Gold Mining
23:15 Bodkin Arrow
24:32 Bow Saw
26:06 Wheelbarrow
25:45 Guard Tower
28:22 Ballistics
29:40 Hand Cart
40:12 Imperial Age
41:20 Scale Barding Armor
41:26 Forging
41:50 Heavy Plow
42:53 Two-Man Saw
42:29 Chain Barding Armor
43:44 Conscription
42:54 Cavalier
43:45 Bloodlines
44:37 Plate Barding Armor
44:38 Iron Casting
49:01 Blast Furnace
49:56 Chemistry
49:06 Paladin
Cacko
10:53 Feudal Age
14:47 Castle Age
13:10 Double-Bit Axe
13:23 Horse Collar
16:42 Wheelbarrow
19:45 Bow Saw
22:35 Heavy Plow
23:23 Stone Mining
23:24 Gold Mining
24:43 Hand Cart
26:22 Stone Shaft Mining
29:47 Imperial Age
27:06 Loom
27:07 Town Watch
27:16 Fletching
27:28 Padded Archer Armor
28:15 Bodkin Arrow
27:46 Crossbowman
28:31 Thumb Ring
29:05 Leather Archer Armor
29:15 Ballistics
31:19 Paper Money
30:39 Arbalester
31:25 Bracer
32:32 Two-Man Saw
32:36 Chemistry
32:09 Crop Rotation
37:58 Elite Skirmisher
38:46 Imperial Skirmisher
46:56 Ring Archer Armor
46:32 Scale Barding Armor
46:38 Forging
46:45 Bloodlines
46:36 Husbandry
45:56 Light Cavalry
49:20 Chain Barding Armor
50:26 Iron Casting
Guest
11:11 Feudal Age
11:19 Loom
13:56 Fletching
18:56 Castle Age
19:06 Horse Collar
19:13 Double-Bit Axe
25:13 Gold Mining
29:43 Bow Saw
29:40 Heavy Plow
30:39 Squires
33:27 Town Watch
35:22 Szlachta Privileges
38:51 Imperial Age
36:49 Bloodlines
37:58 Husbandry
38:27 Scale Barding Armor
39:15 Forging
40:53 Chain Barding Armor
40:33 Cavalier
41:13 Husbandry
42:39 Conscription
43:04 Wheelbarrow
42:30 Stone Mining
45:03 Iron Casting
47:30 Blast Furnace
47:52 Crop Rotation
50:04 Chemistry
49:28 Hand Cart
TheDave
10:17 Feudal Age
14:43 Castle Age
13:16 Double-Bit Axe
13:16 Horse Collar
18:09 Bow Saw
21:32 Heavy Plow
24:03 Wheelbarrow
25:35 Loom
26:12 Gold Mining
26:13 Stone Mining
27:20 Fletching
31:01 Imperial Age
29:11 Scale Mail Armor
29:50 Masonry
30:13 Chain Mail Armor
29:24 Light Cavalry
30:57 Forging
31:14 Ballistics
30:27 Elite Skirmisher
31:07 Murder Holes
31:49 Hand Cart
31:20 Town Watch
32:29 Gold Shaft Mining
31:19 Heavy Camel Rider
32:39 Iron Casting
32:33 Squires
34:24 Blast Furnace
33:10 Elite Ghulam
33:37 Hussar
36:00 Chemistry
35:12 Scale Barding Armor
35:37 Conscription
35:47 Fortified Wall
36:03 Bodkin Arrow
37:19 Hoardings
37:14 Bloodlines
37:05 Husbandry
37:22 Bracer
40:56 Hoardings
42:38 Chain Barding Armor
43:28 Two-Man Saw
42:22 Imperial Camel Rider
43:24 Grand Trunk Road
47:07 Plate Barding Armor
46:33 Padded Archer Armor
47:45 Siege Engineers
49:46 Stone Shaft Mining
Connection lost

Rejoining the realm…

Still unreachable

The connection could not be restored.

Session expired

The server has moved on; the page needs a fresh start.